 Dungeon Crawl Stone Soup version 0.31-a0-609-g7bf6ffcfed (webtiles) character file.

Game seed: 14962174833169480326

613 Fodor the Covered (level 7, -1/61 HPs)
             Began as a Minotaur Fighter on Aug 21, 2023.
             Slain by an iguana (9 damage)
             ... on level 5 of the Dungeon.
             The game lasted 00:18:51 (3363 turns).

Fodor the Covered (Minotaur Fighter)                Turns: 3363, Time: 00:18:52

Health: -1/61      AC: 12    Str: 29    XL:     7   Next: 20%
Magic:  0/0        EV: 10    Int:  5    God:
Gold:   158        SH:  0    Dex:  9    Spells: 6/6 levels left

rFire   . . .        s - +7 great mace "Undeadhunter" {deathbane, rN+}
rCold   . . .        (shield currently unavailable)
rNeg    + + .        q - +4 scale mail of the Weaver {rPois rN+ MP-9}
rPois   +            (helmet restricted)
rElec   .            f - +0 cloak
rCorr   .            (no gloves)
SInv    .            (no boots)
Will    .....        w - amulet of guardian spirit Stlth
                     v - +6 ring of strength
HPRegen 0.30/turn    (no ring)
MPRegen 0.07/turn

%: guardian spirit
@: no status effects
A: horns 2, retaliatory headbutt
a: no special abilities


You were on level 5 of the Dungeon.
You visited 1 branch of the dungeon, and saw 5 of its levels.

You collected 158 gold pieces.

Inventory:

Hand Weapons
 b - the +5 hand axe "Beovarec" {flame, *Rage rN++ rCorr Dex+2}
   (You found it on level 3 of the Dungeon)

   Dex+2:     It affects your dexterity (+2).
   rN++:      It greatly protects you from negative energy.
   *Rage:     It berserks you when you make melee attacks (+20% chance).
   rCorr:     It protects you from acid and corrosion.
 g - a +2 sling of freezing
 s - the +7 great mace "Undeadhunter" (weapon) {deathbane, rN+}
   (You found it on level 4 of the Dungeon)

   rN+:       It protects you from negative energy.
Missiles
 e - 2 poisoned darts (quivered)
 u - a throwing net
Armour
 c - a +0 buckler
 f - a +0 cloak (worn)
 p - a +0 plate armour
 q - the +4 scale mail of the Weaver (worn) {rPois rN+ MP-9}
   (You found it on level 3 of the Dungeon)

   rPois:     It protects you from poison rN+: It protects you from negative
   energy.
   MP-9:      It affects your magic capacity (-9).
Jewellery
 v - a +6 ring of strength (left hand)
 w - an amulet of guardian spirit (around neck)
Scrolls
 a - 2 scrolls of immolation {unknown}
 h - a scroll of fear {unknown}
 i - 5 scrolls of identify {unknown}
 k - a scroll of acquirement {unknown}
 l - 4 scrolls of teleportation {unknown}
 t - a scroll of silence {unknown}
 x - a scroll of fog {unknown}
Potions
 d - 2 potions of might
 j - a potion of enlightenment {unknown}
 m - 2 potions of brilliance {unknown}
 n - a potion of degeneration {unknown}
 o - 3 potions of curing {unknown}
 r - a potion of haste {unknown}


   Skills:
 + Level 5.3 Fighting
 + Level 2.5 Long Blades
 + Level 4.1(4.5) Axes
 + Level 2.8(3.9) Maces & Flails
 + Level 3.1 Ranged Weapons
 + Level 5.7 Armour
 + Level 1.3 Dodging
 + Level 0.2 Stealth
 + Level 4.1 Shields


You had 6 spell levels left.
You didn't know any spells.
Your spell library contained the following spells:

 Spells                   Type           Power      Damage    Failure   Level
 Blink                    Tloc           0%         N/A       85%         2
 Lesser Beckoning         Tloc           0%         N/A       85%         2
 Momentum Strike          Conj/Tloc      0%         3d8       85%         2
 Gell's Gravitas          Tloc           0%         N/A       97%         3
 Teleport Other           Tloc           0%         N/A       97%         3


Dungeon Overview and Level Annotations

Branches:
Dungeon (5/15)             Temple (0/1) D:5

Altars:
Hepliaklqana
Makhleb
Uskayaw


Innate Abilities, Weirdness & Mutations

You have a pair of horns on your head.
You reflexively headbutt those who attack you in melee.


Message History

A white imp comes into view.
You closely miss something. Your headbutt misses something. Something hits you.
The orc barely misses you.
You hear some strange, mumbled words.
Something tries to affect you, but you resist.
You thump something!
Reactivating autopickup.
You feel a bit more experienced. The orc misses you.
Your Axes skill increases to level 4!
The orc hits you but does no damage.
There is an open door, spattered with blood here.
Things that are here:
a +0 club; a +0 robe; an orc corpse An iguana comes into view.
The iguana hisses angrily.
The orc barely misses you. You furiously retaliate!
You headbutt the orc.
The sleepcap releases spores at you but does no damage.
The white imp picks up a beetle and eats it.
The orc hits you with a +0 trident. The sleepcap barely misses you.
You sock the orc!
You kill the orc!
The sleepcap closely misses you. The white imp gestures at you.
The puff of frost hits you!
The iguana bites you but does no damage.
The white imp hits you but does no damage.
The sleepcap closely misses you.
You sock the white imp!
You kill the white imp!
The iguana barely misses you.
The sleepcap releases spores at you but does no damage.
Found 5 stones.
Found an escape hatch in the floor.
The iguana attacks as it pursues you! The iguana bites you.
The iguana barely misses you. The sleepcap releases spores at you!
You are engulfed in a cloud of soporific spores!
You fall asleep.
The iguana bites you!!
You wake up.
* * * LOW HITPOINT WARNING * * *
The iguana bites you!
You die...

###.....##...†........
#.....##............
########.....####..
#......# . ###+###..#
#.....#..# #.⌠.⌠.#..#
+..>l.)..# #.⌠@f)####
#...l.# ###'### ....
).... ....... .......
...(.>.


You could see a sleepcap and 2 iguanas.

Vanquished Creatures
  An ogre (D:5)
  A scorpion (D:4)
  2 howler monkeys
  A hound (D:4)
  An orc priest (D:4)
  Crazy Yiuf (D:4)
  3 iguanas (D:5)
  2 orc wizards
  Natasha (thrice) (D:3)
  Robin (D:4)
  2 adders (D:4)
  A white imp (D:5)
  2 dart slugs
  3 orcs
  3 ball pythons
  9 endoplasms
  11 goblins
  8 hobgoblins
  2 quokkas
  3 bats
  2 frilled lizards
  7 kobolds
  5 rats
  A spectral kobold (D:1)
75 creatures vanquished.

Notes
Turn   | Place    | Note
-------+----------+-------------------------------------------
     0 | D:1      | Fodor the Minotaur Fighter began the quest for the Orb.
     0 | D:1      | Reached XP level 1. HP: 19/19 MP: 0/0
     8 | D:1      | You fall into a shaft and drop 1 floor!
   141 | D:1      | Found a faded altar of an unknown god.
   290 | D:1      | Reached XP level 2. HP: 27/27 MP: 1/1
  1656 | D:3      | Identified the +5 hand axe "Beovarec" {flame, *Rage rN++
                  | rCorr Dex+2}
  1842 | D:3      | Identified the +4 scale mail of the Weaver {rPois rN+ MP-9}
  1888 | D:3      | Reached XP level 3. HP: 33/33 MP: 0/2
  1910 | D:3      | Reached skill level 1 in Ranged Weapons
  1991 | D:3      | Noticed Natasha
  1996 | D:3      | Killed Natasha
  2127 | D:3      | Noticed Natasha
  2135 | D:3      | Killed Natasha
  2136 | D:3      | Reached skill level 1 in Axes
  2136 | D:3      | Reached XP level 4. HP: 26/40 MP: 0/3
  2289 | D:3      | Noticed Natasha
  2297 | D:3      | Killed Natasha
  2349 | D:3      | Found a hazy altar of Hepliaklqana.
  2373 | D:4      | Reached XP level 5. HP: 47/47 MP: 0/4
  2516 | D:4      | Found the +7 great mace "Undeadhunter" {deathbane, rN+}
  2693 | D:4      | Found a burning altar of Makhleb.
  2761 | D:4      | Reached XP level 6. HP: 55/55 MP: 0/5
  2859 | D:4      | Found a hide-covered altar of Uskayaw.
  2861 | D:4      | Noticed Robin
  2887 | D:4      | Killed Robin
  3084 | D:4      | Reached skill level 5 in Fighting
  3084 | D:4      | Reached skill level 5 in Armour
  3144 | D:4      | Found a runed translucent door.
  3145 | D:4      | Noticed Crazy Yiuf
  3149 | D:4      | Killed Crazy Yiuf
  3150 | D:4      | Reached skill level 1 in Maces & Flails
  3253 | D:5      | Entered Level 5 of the Dungeon
  3310 | D:5      | Reached skill level 1 in Dodging
  3333 | D:5      | Reached XP level 7. HP: 52/61 MP: 0/6
  3352 | D:5      | Found a staircase to the Ecumenical Temple.
  3363 | D:5      | Slain by an iguana

Illustrated notes

Levels and vault maps discovered:
D:1:      dpeg_arrival_chambers_temple_mockup, layout_basic,
          dreamdust_ecumenical_altar_drowned_temple
D:2:      minmay_kobold_bridge, layout_basic
D:3:      layout_basic, general_overflow_altar, uniq_natasha
D:4:      layout_loops_ring, eat_drink_and_be_merry_uskayaw,
          mainiacjoe_overflow_cross_hatched, uniq_crazy_yiuf_cottage, uniq_robin
D:5:      layout_basic, vehumet_statue, minmay_temple_entry_hall,
          due_unseen_surprise

Skill      XL: |  1  2  3  4  5  6  7 |
---------------+----------------------+-----
Fighting       | 4 5 |  5.3
Armour         | 4 5 |  5.7
Shields        | 4 |  4.1
Ranged Weapons | 2 3 |  3.1
Axes           | 1 2 3 4 |  4.1
Maces & Flails | 2 |  2.8
Dodging        | 1 |  1.3
Long Blades    | |  2.5
Stealth        | |  0.2

Action                     |  1- 3 |  4- 6 |  7- 9 || total
---------------------------+-------+-------+-------++-------
  Melee: Long sword        |     9 |       |       ||     9
         Hand axe          |    24 |    38 |       ||    62
         Headbutt          |     2 |     7 |       ||     9
         Great mace        |       |    39 |     7 ||    46
   Fire: Sling             |    30 |       |       ||    30
 Armour: Scale mail        |    20 |    68 |     6 ||    94
         Plate armour      |    14 |       |       ||    14
  Dodge: Dodged            |    20 |    52 |     9 ||    81
  Block: Buckler           |     8 |    10 |       ||    18

Table legend: (Time is in decaauts)
 A = Elapsed time spent in this place.
 B = Non-inter-level travel time spent in this place.
 C = Inter-level travel time spent in this place.
 D = Time resting spent in this place.
 E = Time spent auto-exploring this place.
 F = Levels seen in this place.
 G = Mean time per level.
                   A        B        C        D        E       F      G
               +--------+--------+--------+--------+--------+-----+--------+
         Total |   3502 |   3359 |    143 |    118 |      0 |   5 |  700.4 |
       Dungeon |   3502 |   3359 |    143 |    118 |      0 |   5 |  700.4 |
               +--------+--------+--------+--------+--------+-----+--------+

Top non-repeatable levels by time:
     D:3: 1010 daAuts
     D:4: 922 daAuts
     D:2: 799 daAuts
     D:1: 649 daAuts
     D:5: 119 daAuts
